 Dungeon Crawl Stone Soup version 0.20.1-1-g8b1a95d (webtiles) character file.

274674 dvd the Sniper (level 21, -5/141 HPs)
             Began as a Kobold Hunter on Sept 14, 2017.
             Was a High Priest of Okawaru.
             Slain by a fire elemental (12 damage)
             ... summoned by a deep elf mage
             ... on level 1 of the Elven Halls on Sept 17, 2017.
             The game lasted 02:56:06 (42382 turns).

dvd the Sniper (Kobold Hunter)                     Turns: 42382, Time: 02:56:08

Health: -5/141     AC: 29    Str: 22    XL:     21   Next: 18%
Magic:  22/27      EV: 29    Int: 20    God:    Okawaru [*****.]
Gold:   2341       SH:  0    Dex: 24    Spells: 24/28 levels left

rFire    . . .     SeeInvis +   c - +8 war axe "Senybo" {chop, rElec rPois}
rCold    + . .     Gourm    .   (shield restricted)
rNeg     + + .     Faith    .   Q - +7 scale mail of the Arcane {rC+}
rPois    +         Spirit   .   p - +2 helmet
rElec    +         Reflect  .   M - +2 cloak {MR+}
rCorr    .         Harm     .   v - +0 pair of gloves
MR       ++++.     Clarity  +   P - +0 pair of boots of the Will of the Gods {Dex+4}
Stlth    ++++......             h - amulet of the King {*Contam +Rage rN++ Str+4}
Regen    0.4/turn               E - ring "Akas" {MR+ Int+6 Dex+3}
MPRegen  0.2/turn               g - ring "Luypsa Gugo" {rPois SInv}

@: heroism, finesse
A: iridescent scales 1, carnivore 3, clarity, clever 1, magic resistance 1
}: 2/15 runes: decaying, gossamer
a: Heroism, Finesse, Renounce Religion, Evoke Berserk Rage


You were on level 1 of the Elven Halls.
You worshipped Okawaru.
Okawaru was extremely pleased with you.
You were completely stuffed.

You visited 7 branches of the dungeon, and saw 33 of its levels.
You also visited: Labyrinth and Ice Cave.

You collected 3752 gold pieces.
You spent 1411 gold pieces at shops.

Inventory:

Hand Weapons
 a - a +5 triple crossbow of flaming
 b - a +9 quick blade of freezing
 c - the +8 war axe "Senybo" (weapon) {chop, rElec rPois}
   (You bought it in a shop on level 2 of the Orcish Mines)

   It inflicts extra damage upon your enemies.
   It insulates you from electricity.
   It protects you from poison.
 t - a +3 arbalest of freezing
 S - a +5 rapier of protection
Missiles
 s - 321 bolts
Armour
 p - a +2 helmet (worn)
 v - a +0 pair of gloves (worn)
 M - a +2 cloak of magic resistance (worn)
 N - a +1 pair of boots of flying
 P - the +0 pair of boots of the Will of the Gods (worn) {Dex+4}
   (You found it in a labyrinth)

   It affects your dexterity (+4).
 Q - the +7 scale mail of the Arcane (worn) {rC+}
   (You found it on level 11 of the Dungeon)

   It protects you from cold.
Jewellery
 g - the ring "Luypsa Gugo" (right hand) {rPois SInv}
   (You bought it in a shop on level 15 of the Dungeon)

   [ring of see invisible]

   It protects you from poison.
   It lets you see invisible.
 h - the amulet of the King (around neck) {*Contam +Rage rN++ Str+4}
   (You acquired it on level 12 of the Dungeon)

   [amulet of rage]

   It affects your strength (+4).
   It greatly protects you from negative energy.
   It lets you go berserk.
   It causes magical contamination when unequipped.
 n - the ring of Pyromania {-Tele Int+4 Stlth+}
   (You found it on level 1 of the Spider Nest)

   [ring of stealth]

   It affects your intelligence (+4).
   It prevents most forms of teleportation.
   It makes you more stealthy.
 r - the amulet of Huogoogi {Inacc *Slow rElec rPois}
   (You found it on level 4 of the Spider Nest)

   [amulet of inaccuracy]

   It reduces the accuracy of all your attacks.
   It insulates you from electricity.
   It protects you from poison.
   It may slow you when you take damage.
 w - an uncursed amulet of regeneration
 z - an uncursed ring of protection from magic
 B - a +5 ring of intelligence
 C - an uncursed ring of protection from cold
 E - the ring "Akas" (left hand) {MR+ Int+6 Dex+3}
   (You found it on level 1 of the Spider Nest)

   [ring of intelligence]

   It affects your intelligence (+6).
   It affects your dexterity (+3).
   It affects your resistance to hostile enchantments.
 R - a +3 ring of dexterity {unknown}
Wands
 o - a wand of digging (12/24)
 D - a wand of acid (8/15)
 G - a wand of iceblast (11/15)
 I - a wand of lightning (11/15)
 W - a wand of iceblast (6/15)
 X - a wand of iceblast (5/15)
Scrolls
 j - a scroll of holy word
 k - 20 scrolls of identify
 m - 4 scrolls of recharging
 u - 2 scrolls of magic mapping
 x - a scroll of amnesia
 y - 9 scrolls of remove curse
 F - a scroll of brand weapon
 H - 7 scrolls of teleportation
 L - 3 scrolls of fear
 V - a scroll of blinking
Potions
 d - 5 potions of brilliance
 e - 8 potions of curing
 l - 2 potions of invisibility
 q - 4 potions of agility
 A - 3 potions of resistance
 J - 2 potions of flight
 K - 4 potions of ambrosia
 O - 2 potions of heal wounds
 T - 5 potions of might
 U - 9 potions of mutation
 Y - 7 potions of haste
Comestibles
 f - 19 meat rations
 i - 10 royal jellies
 Z - 5 chunks of flesh


   Skills:
 + Level 18.0(23.0) Fighting
 + Level 11.4(16.4) Short Blades
 + Level 5.5(10.5) Axes
 + Level 24.3(27) Crossbows
 + Level 9.8(14.8) Armour
 + Level 12.2(17.2) Dodging
 + Level 7.3(12.3) Stealth
 + Level 4.2 Spellcasting
 + Level 1.9 Charms
 + Level 1.9 Necromancy
 + Level 2.8 Translocations
 + Level 7.1 Invocations
 + Level 1.0 Evocations


You had 24 spell levels left.
You knew the following spells:

 Your Spells              Type           Power        Failure   Level  Hunger
a - Apportation           Tloc           ###...       8%          1    None
b - Regeneration          Chrm/Necr      ##........   32%         3    ###....


Dungeon Overview and Level Annotations

Branches:
Dungeon (15/15)            Temple (1/1) D:6            Lair (6/6) D:10
  Swamp (4/4) Lair:4       Spider (4/4) Lair:2        Slime (0/5) Lair:5
    Orc (2/2) D:11            Elf (1/3) Orc:2        Vaults (0/5) D:14
 Depths (0/5) D:15

Altars:
Ashenzari
Cheibriados
Dithmenos
Elyvilon
Fedhas
Gozag
Hepliaklqana
Kikubaaqudgha
Makhleb
Nemelex Xobeh
Okawaru
Qazlal
Ru
Sif Muna
Trog
Uskayaw
Vehumet
Xom
Yredelemnul
Zin
The Shining One

Shops:
D:15 =   Orc:1 }   Orc:2 %(:(   Elf:1 }

Portals:
Hell: Lair:6
Trove: Elf:1 (give 19 potions of curing)


Innate Abilities, Weirdness & Mutations

You are small and have problems with some larger weapons.
You are carnivorous and can eat meat at any time.
You are partially covered in iridescent scales. (AC +2)
You possess an exceptional clarity of mind.
Your mind is acute. (Int +2)
You are resistant to hostile enchantments. (MR+)


Message History

The halberd of chopping is severely damaged.
You closely miss the fire elemental.
You hit the fire elemental but do no damage.
You hit the fire elemental.
The halberd of chopping closely misses you.
The fire elemental completely misses you. x2
The fire elemental barely misses you.
You feel much better. The halberd of chopping hits you!
* * * LOW HITPOINT WARNING * * *
x2 The fire elemental completely misses you.
The fire elemental barely misses you. The fire elemental misses you.
Unknown command.
You closely miss the halberd of chopping.
The halberd of chopping is severely damaged.
You slash the fire elemental! You slice the fire elemental!!
You slash the fire elemental! The halberd of chopping hits you!
* * * LOW HITPOINT WARNING * * *
x2 The fire elemental completely misses you.
The fire elemental hits you. The fire elemental burns you!
You die...

#...#.......# #..#####..
#.....).).### #### #....
#.#.#.#.#)######..###....
#.#.#.#.#†.).##....######
#............'...../#....
#######...)..'......#....
##(.##.e...##....##....
##...§##.§...##..###....
#....§(@E.....######....
#$....EE........(....###
##....##....#.#.#.#..#
##?.# ####.#.#.#.#..# ###
#..........# #######....#
######


You could see a deep elf mage, 3 fire elementals and a halberd of chopping.

Vanquished Creatures
  Jorgrun (Swamp:3)
  Asterion (Elf:1)
  Kirke (D:15)
  2 thorn hunters
  A frost giant (IceCv)
  Louise (Swamp:2)
  8 emperor scorpions
  An orc warlord (Orc:2)
  4 ghost moths
  5 very ugly things
  2 deep elf annihilators (Elf:1)
  Azrael (Elf:1)
  Nessos (Lair:4)
  The ghost of ThereIsNoGod the Grappler, a journeyman TrFi of Makhleb (D:15)
  The ghost of Tommers the Cleaver, a journeyman DDBe of Trog (Spider:1)
  An ettin (Orc:2)
  2 green deaths (Swamp:4)
  A death ooze (Swamp:4)
  A minotaur (Lab)
  A yaktaur captain (D:15)
  Josephine (D:15)
  A deep elf high priest (Elf:1)
  4 vault guards (D:14)
  2 hell beasts (Swamp:4)
  2 catoblepae
  14 hydras
  2 anacondas (Lair:4)
  5 two-headed ogres
  5 centaur warriors
  11 alligators
  2 dancing weapons (Elf:1)
  5 tengu warriors (D:13)
  4 spriggans
  3 deep elf knights (Elf:1)
  Sonja (Lair:4)
  A sun demon (Lair:6)
  3 orc high priests (Orc:2)
  A large abomination (Swamp:4)
  5 unseen horrors
  The ghost of Agrougrou the Chopper, a novice FoFi of Okawaru (D:8)
  5 spriggan druids
  7 swamp dragons (Swamp:4)
  3 shambling mangroves
  2 wizards
  8 orc knights
  A necromancer (Swamp:1)
  3 deep elf archers (Elf:1)
  A wolf spider zombie (D:14)
  9 cyclopes
  2 oklob plants
  7 orc sorcerers
  12 ugly things
  23 orb spiders
  31 wolf spiders
  19 deep elf magi (Elf:1)
  3 moths of wrath
  3 manticores
  4 elephants (Lair:6)
  3 centaur zombies
  A molten gargoyle (Lair:6)
  10 black mambas
  3 ice statues (IceCv)
  4 centaur skeletons
  A torpor snail (Spider:4)
  A gargoyle (D:14)
  16 spiny frogs
  5 orange demons
  5 rime drakes
  14 demonic crawlers
  7 komodo dragons
  A hellwing (Lair:6)
  2 ice devils (Lair:6)
  A hydra zombie (Swamp:1)
  A red devil (Lair:6)
  5 tyrant leeches
  10 trolls
  Grinder (D:5)
  13 polar bears
  37 jumping spiders
  12 hornets
  A dream sheep (shapeshifter) (D:13)
  A dream sheep (Lair:6)
  14 bog bodies
  17 blink frogs
  9 hippogriffs
  19 slime creatures
  2 air elementals (Elf:1)
  38 tarantellas
  A centaur simulacrum (D:15)
  99 redbacks
  9 wyverns
  70 yaks
  A water elemental (Elf:1)
  8 wraiths
  5 shadows
  3 basilisks
  5 fire elementals (Elf:1)
  23 vampire mosquitoes
  3 hogs (D:15)
  2 hungry ghosts
  16 swamp worms
  3 wargs
  2 acid dragons
  8 insubstantial wisps
  2 soldier ants
  A floating eye (shapeshifter) (Elf:1)
  26 water moccasins
  9 hell hounds
  12 porcupines
  34 orc warriors
  3 necrophages
  4 swamp drakes
  15 ogres
  A swamp dragon zombie (Swamp:1)
  The ghost of Biabri the Chopper, an amateur MiBe of Trog (D:3)
  2 black bears
  5 sky beasts
  3 hornet zombies
  12 ice beasts
  3 phantoms
  26 wolves
  10 centaurs
  14 crocodiles
  A big kobold (D:9)
  17 bullfrogs
  An earth elemental (Elf:1)
  4 scorpions
  9 killer bees (D:10)
  10 wights
  4 howler monkeys
  2 electric eels
  2 bullfrog zombies
  9 crimson imps
  3 quasits
  5 hounds
  7 jellies
  17 orc priests
  A bullfrog skeleton (D:7)
  Ijyb (D:3)
  Terence (D:2)
  2 iguanas
  Natasha (thrice) (D:2)
  27 orc wizards
  5 worker ants
  2 hound zombies
  Robin (D:3)
  15 adders
  A swamp drake zombie (Swamp:1)
  A shadow imp (D:7)
  3 oozes
  2 adder skeletons (D:4)
  3 worms
  3 dart slugs
  9 leopard geckos
  A leopard gecko (shapeshifter) (D:14)
  109 orcs
  11 giant cockroaches
  16 goblins
  19 hobgoblins
  7 jackals
  9 kobolds
  7 quokkas
  8 ball pythons
  13 bats
  6 frilled lizards
  A giant cockroach zombie (D:5)
  A jackal skeleton (D:5)
  A quokka skeleton (D:7)
  A quokka zombie (D:9)
  6 rats
  A butterfly (D:6)
  A fungus (Lair:3)
  2 plants (Lair:4)
1339 creatures vanquished.

Vanquished Creatures (others)
  A deep elf archer (Elf:1)
  A deep elf mage (Elf:1)
  2 redbacks (Spider:1)
  A tarantella (Spider:1)
  A water moccasin (Lair:5)
  An orc wizard (D:11)
  13 fungi
  26 plants
46 creatures vanquished.

Grand Total: 1385 creatures vanquished

Notes
Turn   | Place    | Note
-------+----------+-------------------------------------------
     0 | D:1      | dvd the Kobold Hunter began the quest for the Orb.
     0 | D:1      | Reached XP level 1. HP: 12/12 MP: 1/1
   149 | D:1      | Reached skill level 5 in Crossbows
   190 | D:1      | Reached XP level 2. HP: 17/17 MP: 2/2
   998 | D:1      | Reached XP level 3. HP: 21/21 MP: 3/3
  1254 | D:2      | Reached skill level 1 in Short Blades
  1498 | D:2      | Reached XP level 4. HP: 27/27 MP: 4/4
  1512 | D:2      | Noticed Natasha
  1523 | D:2      | Killed Natasha
  1523 | D:2      | Reached skill level 6 in Crossbows
  1558 | D:2      | Noticed Natasha
  1571 | D:2      | Killed Natasha
  1571 | D:2      | Reached XP level 5. HP: 5/31 MP: 5/5
  1580 | D:2      | Noticed Natasha
  1580 | D:2      | HP: 1/31 [Natasha/magic dart (5)]
  1890 | D:2      | Killed Natasha
  1890 | D:2      | Reached skill level 1 in Armour
  1967 | D:2      | Noticed Terence
  1971 | D:2      | Killed Terence
  2095 | D:2      | Found a blossoming altar of Fedhas.
  2575 | D:3      | Reached XP level 6. HP: 32/36 MP: 6/6
  2579 | D:3      | Noticed Biabri's ghost (amateur MiBe)
  2606 | D:3      | Noticed Robin
  2794 | D:3      | Killed Robin
  3437 | D:4      | Reached skill level 7 in Crossbows
  3683 | D:4      | Noticed an ogre
  3697 | D:4      | Killed an ogre
  3697 | D:4      | Reached XP level 7. HP: 23/41 MP: 7/7
  5004 | D:3      | Noticed Ijyb
  5012 | D:3      | Killed Ijyb
  5414 | D:5      | Entered Level 5 of the Dungeon
  5602 | D:5      | Reached XP level 8. HP: 48/48 MP: 8/8
  5609 | D:5      | Reached skill level 8 in Crossbows
  5699 | D:5      | Found an ancient bone altar of Kikubaaqudgha.
  5715 | D:5      | Noticed Grinder
  5715 | D:5      | Paralysed by Grinder for 4 turns
  5740 | D:5      | Killed Grinder
  5746 | D:5      | Reached skill level 9 in Crossbows
  5798 | D:5      | Found a white marble altar of Elyvilon.
  5946 | D:5      | You fall through a shaft for 3 floors!
  5969 | D:8      | Noticed a two-headed ogre
  6031 | D:6      | Found a shimmering altar of Xom.
  6043 | D:6      | Reached skill level 5 in Fighting
  6043 | D:6      | Reached XP level 9. HP: 54/54 MP: 9/9
  6214 | D:6      | Got a faintly humming ring mail
  6225 | D:6      | Identified the +3 ring mail "Bezayf" {-Cast Regen+ Int+4 Dex+7} (You found it on level 6 of the Dungeon)
  6344 | D:6      | Reached skill level 10 in Crossbows
  6728 | D:6      | Found a staircase to the Ecumenical Temple.
  6737 | Temple   | Entered the Ecumenical Temple
  6897 | Temple   | Became a worshipper of Warmaster Okawaru
  7854 | D:7      | Reached skill level 5 in Dodging
  8037 | D:7      | Found a blossoming altar of Fedhas.
  8236 | D:8      | Noticed Agrougrou's ghost (novice FoFi)
  8271 | D:8      | Noticed a two-headed ogre
  8394 | D:8      | Killed a two-headed ogre
  8394 | D:8      | Reached * piety under Okawaru
  8394 | D:8      | Reached ** piety under Okawaru
  8394 | D:8      | Reached skill level 5 in Short Blades
  8394 | D:8      | Reached skill level 11 in Crossbows
  8394 | D:8      | Reached XP level 10. HP: 36/63 MP: 10/10
  8478 | D:8      | Killed a two-headed ogre
  8478 | D:8      | Reached skill level 5 in Armour
  8663 | D:8      | Killed Agrougrou's ghost
  9053 | D:9      | Reached *** piety under Okawaru
  9150 | D:9      | Received a gift from Okawaru
  9161 | D:9      | Reached skill level 1 in Invocations
  9718 | D:10     | Entered Level 10 of the Dungeon
  9718 | D:10     | Found a staircase to the Lair.
  9728 | D:10     | Reached XP level 11. HP: 48/69 MP: 8/11
 10141 | D:10     | Reached **** piety under Okawaru
 10532 | D:10     | Reached skill level 12 in Crossbows
 10593 | D:10     | Noticed a two-headed ogre
 10597 | D:10     | Received a gift from Okawaru
 10610 | D:10     | Killed a two-headed ogre
 10610 | D:10     | Reached skill level 5 in Stealth
 10902 | D:11     | Killed an unseen horror
 10958 | D:11     | Got a spiked scale mail
 10969 | D:11     | Identified the +7 scale mail of the Arcane {rC+} (You found it on level 11 of the Dungeon)
 11123 | D:11     | Reached skill level 10 in Fighting
 11286 | D:11     | Found a staircase to the Orcish Mines.
 11446 | D:11     | Reached ***** piety under Okawaru
 11461 | D:11     | Reached XP level 12. HP: 62/77 MP: 11/13
 11613 | D:11     | Received a gift from Okawaru
 11620 | D:11     | Noticed a catoblepas
 11645 | D:11     | Killed a catoblepas
 11645 | D:11     | Received a gift from Okawaru
 12022 | Lair:1   | Entered Level 1 of the Lair of Beasts
 12069 | Lair:1   | Received a gift from Okawaru
 12546 | Lair:1   | Reached skill level 1 in Evocations
 12552 | Lair:1   | Received a gift from Okawaru
 12780 | Lair:1   | Reached skill level 13 in Crossbows
 12854 | Lair:1   | Received a gift from Okawaru
 13169 | Lair:2   | Gained mutation: You possess an exceptional clarity of mind. [potion of mutation]
 13169 | Lair:2   | Gained mutation: You are resistant to hostile enchantments. (MR+) [potion of mutation]
 13169 | Lair:2   | Gained mutation: Your mind is acute. (Int +2) [potion of mutation]
 13169 | Lair:2   | Gained mutation: You are partially covered in iridescent scales. (AC +2) [potion of mutation]
 13367 | Lair:2   | Found a hole to the Spider Nest.
 13777 | D:3      | Killed Biabri's ghost
 14012 | Lair:2   | Noticed a five-headed hydra
 14020 | Lair:2   | Killed a five-headed hydra
 14130 | Lair:2   | Reached XP level 13. HP: 85/85 MP: 15/15
 14180 | Lair:2   | Received a gift from Okawaru
 15713 | Lair:3   | Reached skill level 14 in Crossbows
 15731 | Lair:3   | Received a gift from Okawaru
 16091 | Lair:4   | Found a staircase to the Swamp.
 16298 | Lair:4   | Received a gift from Okawaru
 16364 | Lair:4   | Noticed an anaconda
 16392 | Lair:4   | Killed an anaconda
 16425 | Lair:4   | Noticed an anaconda
 16429 | Lair:4   | Noticed Sonja
 16472 | Lair:4   | Killed an anaconda
 16472 | Lair:4   | Received a gift from Okawaru
 16480 | Lair:4   | Reached skill level 10 in Short Blades
 16509 | Lair:4   | Killed Sonja
 16515 | Lair:4   | Got a brightly glowing ring mail {god gift}
 16526 | Lair:4   | Identified the +3 ring mail of Mutualism {+Fly Int+3} (Okawaru gifted it to you on level 4 of the Lair of Beasts)
 16992 | Lair:4   | Noticed Nessos
 17011 | Lair:4   | Killed Nessos
 17269 | Lair:4   | Reached XP level 14. HP: 94/94 MP: 16/16
 17770 | Lair:5   | Found a staircase to the Slime Pits.
 18114 | Lair:5   | Received a gift from Okawaru
 18698 | Lair:6   | Entered Level 6 of the Lair of Beasts
 18785 | Lair:6   | Reached skill level 15 in Crossbows
 18830 | Lair:6   | Received a gift from Okawaru
 19092 | Lair:6   | Found a burning altar of Makhleb.
 19160 | Lair:6   | Found a gateway to Hell.
 20025 | Lair:6   | Reached XP level 15. HP: 71/101 MP: 15/18
 20721 | D:12     | Reached skill level 16 in Crossbows
 20784 | D:12     | Found a labyrinth entrance.
 20798 | D:12     | Identified a scroll of acquirement
 20799 | D:12     | Got a scintillating sapphire amulet
 20801 | D:12     | Identified the amulet of the King {*Contam +Rage rN++ Str+4} (You acquired it on level 12 of the Dungeon)
 20812 | Lab      | Entered a labyrinth
 21341 | Lab      | Reached skill level 15 in Fighting
 21365 | Lab      | Got a pair of shimmering boots
 21376 | Lab      | Identified the +0 pair of boots of the Will of the Gods {Dex+4} (You found it in a labyrinth)
 21514 | D:12     | Received a gift from Okawaru
 21538 | D:12     | Reached skill level 10 in Dodging
 21829 | D:12     | Reached skill level 5 in Invocations
 22028 | D:12     | Reached ****** piety under Okawaru
 22193 | Orc:1    | Entered Level 1 of the Orcish Mines
 22362 | Orc:1    | Received a gift from Okawaru
 22799 | Orc:1    | Found Uvoaloav's Gadget Shop.
 23439 | Orc:2    | Entered Level 2 of the Orcish Mines
 23448 | Orc:2    | Noticed an orc warlord
 23524 | Orc:2    | Reached skill level 17 in Crossbows
 23619 | Orc:2    | Killed an orc warlord
 23662 | Orc:2    | Found a staircase to the Elven Halls.
 23865 | Orc:2    | Found Ziahyur's Food Shoppe.
 23884 | Orc:2    | Received a gift from Okawaru
 24765 | Orc:2    | Found Isakedug's Weapon Shoppe.
 24767 | Orc:2    | Found Ryegoqes's Weapon Shop.
 24767 | Orc:2    | Found Fasti's Book Shop.
 24891 | Orc:2    | Bought the +8 war axe "Senybo" {chop, rElec rPois} for 887 gold pieces
 25095 | D:13     | Learned a level 1 spell: Apportation
 25193 | D:13     | Reached XP level 16. HP: 104/108 MP: 20/20
 25264 | D:13     | Found a frozen archway.
 25299 | D:13     | Reached skill level 18 in Crossbows
 25380 | IceCv    | Entered an ice cave
 25899 | IceCv    | Noticed a frost giant
 25914 | IceCv    | Killed a frost giant
 26447 | D:13     | Got a pair of warped boots
 26458 | D:13     | Identified the +2 pair of boots of a Thousand Deaths {-Cast MP+9 Dex+4 Stlth-} (You found it on level 13 of the Dungeon)
 27176 | D:14     | Reached skill level 19 in Crossbows
 27308 | D:14     | Received a gift from Okawaru
 27340 | D:14     | Found a gate to the Vaults.
 28106 | Spider:1 | Entered Level 1 of the Spider Nest
 28235 | Spider:1 | Received a gift from Okawaru
 29263 | Swamp:1  | Entered Level 1 of the Swamp
 29295 | Swamp:1  | Noticed a thorn hunter
 29305 | Swamp:1  | Killed a thorn hunter
 29305 | Swamp:1  | Received a gift from Okawaru
 29305 | Swamp:1  | Reached XP level 17. HP: 99/115 MP: 21/21
 29465 | Swamp:1  | Reached skill level 20 in Crossbows
 30545 | Swamp:2  | Noticed Louise
 30566 | Swamp:2  | Killed Louise
 30951 | Swamp:3  | Noticed a thorn hunter
 30959 | Swamp:3  | Killed a thorn hunter
 30970 | Swamp:3  | Reached skill level 21 in Crossbows
 31132 | Swamp:3  | Received a gift from Okawaru
 31187 | Swamp:3  | Learned a level 3 spell: Regeneration
 31248 | Swamp:3  | Noticed Jorgrun
 31254 | Swamp:3  | Killed Jorgrun
 31779 | Swamp:3  | Received a gift from Okawaru
 31788 | Swamp:3  | Got a slimy scale mail {god gift}
 31799 | Swamp:3  | Identified the +0 scale mail "Fotuhe" {rN+} (Okawaru gifted it to you on level 3 of the Swamp)
 31959 | Swamp:4  | Entered Level 4 of the Swamp
 32195 | Swamp:4  | Reached skill level 1 in Spellcasting
 32195 | Swamp:4  | Reached skill level 1 in Charms
 32195 | Swamp:4  | Reached skill level 1 in Necromancy
 32195 | Swamp:4  | Reached skill level 1 in Translocations
 32195 | Swamp:4  | Reached XP level 18. HP: 122/122 MP: 22/22
 32244 | Swamp:4  | Reached skill level 22 in Crossbows
 32245 | Swamp:4  | Reached XP level 19. HP: 104/127 MP: 23/23
 32762 | Swamp:4  | Got a decaying rune of Zot
 33539 | Spider:1 | Received a gift from Okawaru
 33591 | Spider:1 | Noticed Tommers's ghost (journeyman DDBe)
 33604 | Spider:1 | Killed Tommers's ghost
 33638 | Spider:1 | Found a transporter.
 33697 | Spider:1 | Reached skill level 23 in Crossbows
 33984 | Spider:1 | Reached skill level 1 in Axes
 34473 | Spider:1 | Found a transporter.
 34615 | Spider:1 | Received a gift from Okawaru
 34621 | Spider:1 | Got a faintly humming chain mail {god gift}
 34892 | Spider:1 | Got a pitted granite ring
 34894 | Spider:1 | Identified the ring of Pyromania {-Tele Int+4 Stlth+} (You found it on level 1 of the Spider Nest)
 34905 | Spider:1 | Got a faintly glowing wooden ring
 34907 | Spider:1 | Identified the ring "Akas" {MR+ Int+6 Dex+3} (You found it on level 1 of the Spider Nest)
 35198 | D:15     | Entered Level 15 of the Dungeon
 35198 | D:15     | Noticed Josephine
 35275 | D:14     | Identified the +1 chain mail "Ocvatav" {rN+} (Okawaru gifted it to you on level 1 of the Spider Nest)
 35335 | D:15     | Killed Josephine
 35704 | D:15     | Found Ixziczau's Jewellery Boutique.
 35712 | D:15     | Bought the ring "Luypsa Gugo" {rPois SInv} for 524 gold pieces
 35847 | D:15     | Noticed Kirke
 35850 | D:15     | Noticed ThereIsNoGod's ghost (journeyman TrFi)
 35953 | D:15     | Killed ThereIsNoGod's ghost
 35957 | D:15     | Killed Kirke
 36394 | D:15     | Found a staircase to the Depths.
 36727 | Spider:2 | Reached XP level 20. HP: 107/134 MP: 22/24
 38837 | Spider:4 | Entered Level 4 of the Spider Nest
 39687 | Spider:4 | Received a gift from Okawaru
 39687 | Spider:4 | Reached skill level 24 in Crossbows
 39978 | Spider:4 | Got a flickering zirconium amulet
 39979 | Spider:4 | Identified the amulet of Huogoogi {Inacc *Slow rElec rPois} (You found it on level 4 of the Spider Nest)
 40317 | Spider:4 | Reached skill level 5 in Axes
 40347 | Spider:4 | Got a gossamer rune of Zot
 40562 | Spider:4 | Received a gift from Okawaru
 41150 | Elf:1    | Entered Level 1 of the Elven Halls
 41163 | Elf:1    | Found a portal to a secret trove of treasure.
 41313 | Elf:1    | Received a gift from Okawaru
 41453 | Elf:1    | Noticed Asterion
 41458 | Elf:1    | Killed Asterion
 41505 | Elf:1    | Reached XP level 21. HP: 124/140 MP: 27/27
 41645 | Elf:1    | Found Xavole's Quality Used Wands.
 41679 | Elf:1    | Noticed Azrael
 41694 | Elf:1    | Received a gift from Okawaru
 41702 | Elf:1    | Killed Azrael
 42382 | Elf:1    | HP: 7/141 [halberd of chopping (5)]
 42382 | Elf:1    | Slain by a fire elemental

Skill      XL: |  1  2  3  4  5  6  7  8  9 10 11 12 13 14 15 16 17 18 19 20 21 |
---------------+----------------------------------------------------------------+-----
Crossbows      | 5 6 7 9 11 12 13 14 15 17 19 21 22 23 24 | 24.3
Short Blades   | 1 2 3 4 5 7 9 10 11 | 11.4
Armour         | 1 2 3 4 5 6 7 8 9 |  9.8
Dodging        | 3 4 5 6 7 8 9 10 11 12 | 12.2
Fighting       | 3 4 5 7 8 10 11 13 14 15 16 17 18 | 18.0
Stealth        | 2 3 4 5 6 7 |  7.3
Invocations    | 1 2 3 4 5 6 7 |  7.1
Evocations     | 1 |  1.0
Spellcasting   | 1 2 4 |  4.2
Charms         | 1 |  1.9
Necromancy     | 1 |  1.9
Translocations | 1 2 |  2.8
Axes           | 1 5 |  5.5

Action                   |  1- 3 |  4- 6 |  7- 9 | 10-12 | 13-15 | 16-18 | 19-21 || total
-------------------------+-------+-------+-------+-------+-------+-------+-------++-------
Melee: Short sword       |    73 |   140 |   145 |       |       |       |       ||   358
       Dagger            |       |       |    20 |   375 |       |       |       ||   395
       Punch             |       |       |       |     6 |    23 |     3 |     7 ||    39
       Hand crossbow     |       |       |       |     1 |       |       |       ||     1
       Quick blade       |       |       |       |    71 |  1022 |   431 |    20 ||  1544
       Triple crossbow   |       |       |       |       |       |     1 |       ||     1
       War axe           |       |       |       |       |       |       |   154 ||   154
 Fire: Hand crossbow     |    31 |    82 |   303 |   422 |   347 |       |       ||  1185
       Arbalest          |       |       |       |       |   188 |       |       ||   188
       Triple crossbow   |       |       |       |       |   182 |   577 |   800 ||  1559
 Cast: Apportation       |       |       |       |       |       |       |    45 ||    45
       Regeneration      |       |       |       |       |       |       |    10 ||    10
Invok: Heroism           |       |       |       |    22 |    35 |    17 |    21 ||    95
       Finesse           |       |       |       |       |     1 |     2 |     6 ||     9
Evoke: Wand              |       |       |     2 |     2 |       |     1 |       ||     5
  Use: Potion            |     1 |     4 |     1 |    12 |     5 |     4 |     4 ||    31
       Scroll            |       |     1 |    12 |     7 |    10 |     9 |     5 ||    44
 Stab: Sleeping          |       |       |     1 |     2 |     2 |       |       ||     5
  Eat: Chunk             |    10 |     7 |    14 |    17 |    35 |    23 |    34 ||   140
Armor: Leather armour    |    21 |    40 |    14 |       |       |       |       ||    75
       Ring mail         |       |       |    74 |    90 |   120 |   126 |       ||   410
       Scale mail        |       |       |       |    24 |    88 |   109 |   246 ||   467
       Chain mail        |       |       |       |       |       |   141 |       ||   141
       Swamp dragon scal |       |       |       |       |       |       |    28 ||    28
Dodge: Dodged            |    68 |   128 |   185 |   347 |   737 |   937 |   937 ||  3339
